 Dungeon Crawl Stone Soup version 0.30-a0-122-g2a1322497e (webtiles) character file.

Game seed: 4494969674076410242

60 NinjaNoafa the Stinger (level 3, 26/26 HPs)
             Began as a Draconian Venom Mage on Sept 15, 2022.
             Quit the game on level 2 of the Dungeon.
             The game lasted 00:02:51 (1547 turns).

NinjaNoafa the Stinger (Draconian Venom Mage)       Turns: 1547, Time: 00:02:52

Health: 26/26      AC:  6    Str: 10    XL:     3   Next: 80%
Magic:  6/6        EV: 12    Int: 17    God:
Gold:   58         SH:  5    Dex: 11    Spells: 5/6 levels left

rFire   . . .      SeeInvis .    e - +0 short sword
rCold   . . .      Faith    .    (no shield)
rNeg    . . .      Spirit   .    (body armour unavailable)
rPois   .          Reflect  +    (helmet restricted)
rElec   .          Harm     .    (no cloak)
rCorr   +          Rampage  .    c - +0 pair of gloves
Will    .....                    (no boots)
Stlth   ++........               j - amulet of reflection
HPRegen 0.08/turn                n - ring of resist corrosion
MPRegen 0.10/turn                (no ring)

@: no status effects
A: AC +5, unfitting armour, cold-blooded
a: no special abilities


You were on level 2 of the Dungeon.
You visited 1 branch of the dungeon, and saw 2 of its levels.

You collected 58 gold pieces.

Inventory:

Hand Weapons
 e - a +0 short sword (weapon)
Missiles
 d - 23 stones
 g - 2 boomerangs
Armour
 c - a +0 pair of gloves (worn)
Jewellery
 j - an amulet of reflection (around neck)
 n - a ring of resist corrosion (left hand)
Scrolls
 b - a scroll of amnesia {unknown}
 k - a scroll of teleportation {unknown}
 l - 2 scrolls of enchant armour {unknown}
 m - 2 scrolls of immolation {unknown}
Potions
 a - 2 potions of magic
 f - 3 potions of invisibility {unknown}
 h - a potion of brilliance {unknown}
 i - a potion of flight {unknown}
 o - a potion of attraction {unknown}


   Skills:
 - Level 1.7 Dodging
 - Level 1.7 Stealth
 - Level 2.0 Spellcasting
 + Level 2.6 Transmutations
 + Level 4.0 Poison Magic


You had 5 spell levels left.
You knew the following spells:

 Your Spells              Type           Power      Damage    Failure   Level
a - Sting                 Tmut/Pois      52%        1d5       4%          1

Your spell library contained the following spells:

 Spells                   Type           Power      Damage    Failure   Level
 Poisonous Vapours        Pois/Air       16%        N/A       13%         2
 Mephitic Cloud           Conj/Pois/Air  6%         N/A       32%         3
 Olgreb's Toxic Radiance  Pois           15%        N/A       36%         4


Dungeon Overview and Level Annotations

Branches:
Dungeon (2/15)

Altars:


Innate Abilities, Weirdness & Mutations

Your plain brown scales are hard. (AC +5)
You cannot fit into any form of body armour.
You are cold-blooded and may be slowed by cold attacks.


Message History

Unknown command.
Press < or > to pray at altars.
You open the door.
Found a stone staircase leading up.
There is an open door here.
A bat comes into view.
The teleport trap disappears.
The bat disappears!
You now have 48 gold pieces (gained 12).
Terence the Incautious comes into view.
He is wielding a +0 mace.
The sting hits Terence.
Terence is poisoned.
Terence is lightly wounded.
The sting hits Terence.
Terence looks even sicker.
Terence is moderately wounded.
The sting hits Terence.
Terence looks even sicker.
Terence is heavily wounded.
Terence hits you with a +0 mace.
The sting hits Terence but does no damage.
Terence looks as sick as possible!
Terence is heavily wounded.
Terence hits you with a +0 mace.
The sting hits Terence.
Terence looks as sick as possible!
Terence is almost dead.
You kill Terence!
Your Poison Magic skill increases to level 4!
o - a fuming yellow potion
Things that are here:
a +0 mace; a +0 scale mail; the human corpse of Terence
l - 2 scrolls labelled UTEDYTIAGO (gained 1)
You open the door.
There is an open door here.
Found a leather armour.
m - 2 scrolls labelled ZOAMEFUNLOXT (gained 1)
You now have 58 gold pieces (gained 10).
Found a helmet.
You see here the +0 robe of Snakes and Ladders {*Corrode Will+ Int+3}.
A goblin comes into view. It is wielding a +0 dagger.
Found a spear.
The goblin shouts!
You see here a +0 helmet.
Are you sure you want to abandon this character and quit the game? (Confirm with "yes".)

..).. #.#. #.# #. #....
#.#.###.#.#.# #.... #.#
..#.#.#.####
#....##.###.#.#...#...
+....g#..[.....##.#.##
#................[....
#+##.........#####.##
#.....?.........#
#@............###
#.###........###.####
..# #................
+# #.#
############.#### .#
#.######### #.# ##
#.#.......# #.# ## #..
#.#_......# ###.#### #.
#.. #.#.......#
#....... #. #.#
###.#.......####.#.###.


You could see a goblin.

Vanquished Creatures
  Terence (D:2)
  An adder (D:2)
  2 dart slugs
  4 bats
  4 endoplasms (D:1)
  A hobgoblin (D:2)
  5 ball pythons (D:1)
  2 frilled lizards (D:1)
  5 kobolds (D:1)
25 creatures vanquished.

Notes
Turn   | Place    | Note
-------+----------+-------------------------------------------
     0 | D:1      | NinjaNoafa the Draconian Venom Mage began the quest for the
                  | Orb.
     0 | D:1      | Reached XP level 1. HP: 14/14 MP: 3/3
   389 | D:1      | Reached XP level 2. HP: 15/20 MP: 0/5
  1166 | D:2      | Reached XP level 3. HP: 26/26 MP: 2/6
  1303 | D:2      | Found a faded altar of an unknown god.
  1333 | D:2      | Noticed Terence
  1340 | D:2      | Killed Terence
  1341 | D:2      | Reached skill level 4 in Poison Magic
  1542 | D:2      | Identified the +0 robe of Snakes and Ladders {*Corrode
                  | Will+ Int+3}
  1547 | D:2      | Quit the game

Illustrated notes

Levels and vault maps discovered:
D:1:      dpeg_arrival_tiny_a, layout_rooms
D:2:      minmay_razor_zed, layout_basic, basic_altar, basic_ecumenical_altar,
          uniq_terence

Skill      XL: |  1  2  3 |
---------------+----------+-----
Transmutations | 2 |  2.6
Poison Magic   | 4 |  4.0
Dodging        | |  1.7
Stealth        | |  1.7
Spellcasting   | |  2.0

Action                   || total
-------------------------++-------
Melee: Short sword       ||     9
 Cast: Sting             ||    45
Armor: Skin              ||     9
Dodge: Dodged            ||    14
Block: Other             ||     9
       Reflection        ||     1

Table legend: (Time is in decaauts)
 A = Elapsed time spent in this place.
 B = Non-inter-level travel time spent in this place.
 C = Inter-level travel time spent in this place.
 D = Time resting spent in this place.
 E = Time spent auto-exploring this place.
 F = Levels seen in this place.
 G = Mean time per level.
                   A        B        C        D        E       F      G
               +--------+--------+--------+--------+--------+-----+--------+
         Total |   1547 |   1500 |     47 |      0 |   1268 |   2 |  773.5 |
       Dungeon |   1547 |   1500 |     47 |      0 |   1268 |   2 |  773.5 |
               +--------+--------+--------+--------+--------+-----+--------+

Top non-repeatable levels by time:
     D:1: 968 daAuts
     D:2: 579 daAuts
